 Dungeon Crawl Stone Soup version 0.25.0-8-gfd19cd77bd (webtiles) character file.

Game seed: 2154502690277645277

144 DeadF the Sneak (level 5, -2/18 HPs)
             Began as a Felid Enchanter on June 16, 2020.
             Slain by an ice beast (8 damage)
             ... on level 5 of the Dungeon.
             The game lasted 00:07:27 (5496 turns).

DeadF the Sneak (Felid Enchanter)                   Turns: 5496, Time: 00:07:28

Health: -2/18      AC:  1    Str:  6    XL:     5   Next: 5%
Magic:  5/9        EV: 21    Int: 17    God:
Gold:   136        SH:  0    Dex: 17    Spells: 5/8 levels left
                                        Lives:  0   Deaths: 1

rFire    . . .     SeeInvis +     - Unarmed
rCold    . . .     Gourm    .   (shield unavailable)
rNeg     . . .     Faith    .   (armour unavailable)
rPois    .         Spirit   .   (helmet unavailable)
rElec    .         Reflect  .   (cloak unavailable)
rCorr    .         Harm     .   (gloves unavailable)
MR       .....                  (boots unavailable)
Stlth    ++++......             (no amulet)
HPRegen  0.06/turn              (no ring)
MPRegen  0.11/turn              (no ring)

@: quick
A: very small, no armour, no weapons or thrown items, stealth, claws 1, fangs 3,
horns 1, see invisible, carnivore, speed 1, frail 1, shaggy fur 1, slow
metabolism 1, strong 1, sharp paws
a: no special abilities


You were on level 5 of the Dungeon.
You were full.

You visited 1 branch of the dungeon, and saw 5 of its levels.

You collected 136 gold pieces.

Inventory:

Jewellery
 d - an uncursed ring of ice {unknown}
 l - an uncursed ring of protection from cold {unknown}
Scrolls
 a - 5 scrolls of identify {unknown}
 g - a scroll of immolation {unknown}
 j - a scroll of remove curse {unknown}
 k - a scroll of fog {unknown}
 s - 2 scrolls of teleportation {unknown}
Potions
 c - a potion of might {unknown}
 e - a potion of mutation
 f - 2 potions of curing
 h - a potion of brilliance {unknown}
 i - 2 potions of resistance
 m - a potion of flight {unknown}
 n - a potion of haste {unknown}
 o - a potion of lignification {unknown}
 p - 2 potions of heal wounds {unknown}
 q - a potion of degeneration {unknown}
 r - a potion of stabbing {unknown}
Comestibles
 b - 10 rations


   Skills:
 + Level 5.8 Dodging
 + Level 6.9 Stealth
 - Level 1.0 Unarmed Combat
 - Level 2.0 Spellcasting
 - Level 4.4 Hexes


You had 5 spell levels left.
You knew the following spells:

 Your Spells              Type           Power        Failure   Level  Hunger
a - Corona                Hex            ###....      3%          1    #......
b - Ensorcelled Hibernat  Hex/Ice        #.....       12%         2    ###....

Your spell library contained the following spells:

 Spells                   Type           Power        Failure   Level  Hunger
 Confusing Touch          Hex            ###.....     10%         3    ###....
 Tukima's Dance           Hex            ###.....     10%         3    ###....
 Dazzling Flash           Conj/Hex       #.....       24%         3    ###....


Dungeon Overview and Level Annotations

Branches:
Dungeon (5/15)
 Temple: D:4-7

Altars:
Dithmenos
Fedhas
Hepliaklqana
Nemelex Xobeh
Sif Muna
Trog
Vehumet

Portals:
Ossuary: D:4

Annotations:
D:2 1 transporter


Innate Abilities, Weirdness & Mutations

You cannot wear armour.
You are incapable of wielding weapons or throwing items.
Your paws allow you to move quietly. (Stealth)
You have sharp claws.
You have razor-sharp teeth.
You have supernaturally acute eyesight. (SInv)
You are carnivorous and can eat meat at any time.
You cover ground quickly.
You are covered in fur. (AC +1)
You have a slow metabolism.
Your sharp claws are effective at attacking unaware monsters.
You have a pair of small horns on your head.
You are frail. (-10% HP)
Your muscles are strong. (Str +2)


Message History

An ice beast comes into view.
Found a dagger.
The ice beast misses you.
You scratch the ice beast but do no damage.
You headbutt the ice beast, but do no damage.
Your bite misses the ice beast. The ice beast misses you.
Casting: Ensorcelled Hibernation (safe; 12% risk of failure)
Confirm with . or Enter, or press ? or * to list all spells.
Aiming: Ensorcelled Hibernation (safe; 12% risk of failure)
Press: ? - help, Shift-Dir - straight line, f - hound
Aim: a hound (chance to defeat MR: 50%)
The hound resists with some effort.
The ice beast hits you. The ice beast freezes you.
Casting: Ensorcelled Hibernation (safe; 12% risk of failure)
Confirm with . or Enter, or press ? or * to list all spells.
Aiming: Ensorcelled Hibernation (safe; 12% risk of failure)
Press: ? - help, Shift-Dir - straight line, f/p - hound
Aim: a hound (chance to defeat MR: 50%)
The hound looks drowsy...
The ice beast hits you. The ice beast freezes you!
You die...

..# #.# ... ##.##
##...##
#.###.....#
......Y...#
.).##.h@..#
#.......##
...####.#########.
# #..<........
#.#########! #.#
... .### ..


You could see an ice beast and a hound (asleep).

Vanquished Creatures
  A scorpion (D:4)
  An orc priest (D:4)
  Jessica (D:3)
  An orc wizard (D:3)
  An adder (D:3)
  An ooze (D:3)
  3 worms
  A leopard gecko (D:1)
  6 orcs
  7 bats
  3 giant cockroaches
  A goblin (D:3)
  4 hobgoblins (D:3)
  3 jackals
  7 kobolds
  2 quokkas
  A frilled lizard (D:1)
  6 rats
50 creatures vanquished.

Vanquished Creatures (others)
  A plant (D:4)
1 creature vanquished.

Grand Total: 51 creatures vanquished

Notes
Turn   | Place    | Note
-------+----------+-------------------------------------------
     0 | D:1      | DeadF the Felid Enchanter began the quest for the Orb.
     0 | D:1      | Reached XP level 1. HP: 7/7 MP: 4/4
   654 | D:2      | Reached XP level 2. HP: 11/11 MP: 6/6
   658 | D:2      | Learned a level 2 spell: Ensorcelled Hibernation
  1462 | D:2      | Found a sparkling altar of Nemelex Xobeh.
  1462 | D:2      | Found a transporter.
  1463 | D:2      | Noticed a black bear
  2891 | D:3      | Reached skill level 5 in Stealth
  2978 | D:3      | Reached XP level 3. HP: 10/14 MP: 7/7
  3070 | D:3      | Noticed Jessica
  3077 | D:3      | Killed Jessica
  3311 | D:3      | Gained mutation: You are frail. (-10% HP) [potion of
                  | mutation]
  3311 | D:3      | Gained mutation: Your muscles are strong. (Str +2) [potion
                  | of mutation]
  3311 | D:3      | Gained mutation: You have a pair of small horns on your
                  | head. [potion of mutation]
  3845 | D:3      | Found a faded altar of an unknown god.
  3853 | D:3      | Found a radiant altar of Vehumet.
  3995 | D:3      | Reached XP level 4. HP: 16/16 MP: 3/8
  4150 | D:3      | Reached skill level 6 in Stealth
  4230 | D:3      | Found a shadowy altar of Dithmenos.
  4299 | D:3      | Reached skill level 5 in Dodging
  4814 | D:4      | Slain by a scorpion
  4815 | D:4      | Reached XP level 3. HP: -2/12 MP: 6/7
  4833 | D:4      | Found a shimmering blue altar of Sif Muna.
  4932 | D:4      | Noticed a scorpion
  4944 | D:4      | Killed a scorpion
  4944 | D:4      | Reached XP level 4. HP: 5/16 MP: 3/8
  5193 | D:4      | Found a sand-covered staircase.
  5235 | D:4      | Found a bloodstained altar of Trog.
  5235 | D:4      | Found a blossoming altar of Fedhas.
  5235 | D:4      | Found a hazy altar of Hepliaklqana.
  5241 | D:4      | Reached XP level 5. HP: 18/18 MP: 6/9
  5262 | D:5      | Entered Level 5 of the Dungeon
  5489 | D:5      | Noticed an ice beast
  5496 | D:5      | Slain by an ice beast

Illustrated notes

Levels and vault maps discovered:
D:1:      zelgadis_glass_arrival_small, layout_loops_ring
D:2:      layout_loops_ring, grunt_nemelex_the_gamble
D:3:      layout_basic, grunt_temple_overflow_open, first_ration,
          chequers_ecumenical_altar_island, uniq_jessica
D:4:      layout_loops_cross, gammafunk_temple_overflow_forgotten,
          lemuel_coloured_pillars_altar, nicolae_ossuary_entry_false_entrances,
          serial_shops, nicolae_shop_temple_entry_statues_fountains
D:5:      layout_loops_ring, old_standard_altar

Skill      XL: |  1  2  3  4 |
---------------+-------------+-----
Dodging        | 3 4 5 |  5.8
Stealth        | 5 6 |  6.9
Unarmed Combat | |  1.0
Spellcasting   | |  2.0
Hexes          | |  4.4

Action                   |  1- 3 |  4- 6 || total
-------------------------+-------+-------++-------
Melee: Unarmed           |    92 |    20 ||   112
       Bite              |     4 |     2 ||     6
       Headbutt          |     7 |     2 ||     9
       Punch             |     1 |       ||     1
 Cast: Corona            |     2 |       ||     2
       Ensorcelled Hiber |    17 |    15 ||    32
  Use: Potion            |     4 |       ||     4
 Stab: Sleeping          |    28 |    11 ||    39
  Eat: Chunk             |    16 |     3 ||    19
Armor: Skin              |     9 |     2 ||    11
Dodge: Dodged            |    92 |    18 ||   110
